Map: Data-C

Players

Zoun - Winner!

  • Race: Protoss Protoss
  • Spawn Location: 9:00

SpeCial

  • Race: Terran Terran
  • Spawn Location: 3:00

Event: DreamHack SC2 Masters 2022 Atlanta (Offline)

VOD

Have the link to the VOD?

Description

Time

  • Played on: Nov. 18, 2022, 6:21 p.m.
  • Length: 22:35

All games in this series

Show
View Real Time Build Order
Export as new Build Order

Zoun Protoss - Winner!

Build Orders: Phoenix Opening, Zealot Archon 

Get SALT Encoding   

  12  0:00  Probe  
  13  0:12  Probe  
  14  0:17  Pylon  
  14  0:24  Probe (Chrono Boost)  
  15  0:36  Probe (Chrono Boost)  
  15  0:39  Gateway  
  16  0:44  Probe (Chrono Boost)  
  16  0:48  Assimilator  
  17  0:52  Probe  
  18  1:04  Probe  
  19  1:16  Probe  
  20  1:32  Cybernetics Core  
  20  1:47  Nexus  
  20  1:48  Pylon  
  20  1:52  Probe  
  21  1:59  Assimilator  
  21  2:04  Probe  
  21  2:07  Adept (Chrono Boost)  
  24  2:16  Probe  
  25  2:28  Stargate, Probe (Chrono Boost)  
  26  2:35  Stalker  
  27  2:41  Probe (Chrono Boost)  
  24  2:44  Warp Gate  
  28  2:48  Probe (Chrono Boost)  
  29  2:55  Probe  
  30  2:59  Probe  
  30  3:05  Adept  
  33  3:07  Probe  
  33  3:11  Phoenix (Chrono Boost), Probe  
  35  3:19  Probe  
  38  3:23  Probe  
  37  3:33  Probe (Chrono Boost)  
  38  3:34  Phoenix  
  38  3:35  Probe (Chrono Boost)  
  41  3:45  Pylon  
  41  3:47  Probe (Chrono Boost)  
  43  3:49  Probe (Chrono Boost)  
  43  3:52  Probe (Chrono Boost)  
  44  3:55  Probe  
  44  4:01  Probe  
  46  4:08  Gateway  
  46  4:10  Twilight Council, Probe  
  46  4:12  Shield Battery  
  46  4:13  Phoenix  
  46  4:14  Probe  
  50  4:18  Pylon  
  50  4:24  Gateway  
  50  4:27  Probe  
  51  4:31  Sentry  
  51  4:33  Probe  
  51  4:37  Charge (Chrono Boost)  
  54  4:41  Pylon  
  54  4:43  Assimilator  
  54  4:44  Probe, Assimilator  
  55  4:49  Gateway  
  55  4:54  Zealot  
  55  4:56  Probe x2  
  55  4:59  Phoenix  
  61  5:04  Zealot  
  63  5:15  Zealot  
  63  5:16  Pylon  
  63  5:21  Zealot  
  67  5:25  Phoenix, Pylon  
  69  5:33  Pylon  
  69  5:36  Zealot  
  69  5:37  Zealot  
  69  5:39  Gateway  
  69  5:41  Zealot  
  75  5:44  Zealot  
  77  5:56  Zealot  
  79  5:57  Zealot  
  79  6:02  Zealot  
  82  6:12  Zealot  
  76  6:20  Zealot x2  
  76  6:21  Nexus  
  76  6:24  Pylon  
  78  6:26  Zealot  
  78  6:29  Probe  
  78  6:30  Probe  
  78  6:43  Probe  
  78  6:46  Templar Archives  
  69  6:47  Probe  
  69  6:48  Robotics Facility  
  69  6:49  Phoenix  
  69  6:53  Shield Battery  
  72  6:55  Probe (Chrono Boost)  
  72  7:00  Probe (Chrono Boost)  
  74  7:07  Gateway, Probe (Chrono Boost)  
  74  7:08  Forge  
  75  7:11  Probe (Chrono Boost)  
  75  7:13  Probe (Chrono Boost)  
  77  7:15  Probe (Chrono Boost)  
  77  7:21  Probe  
  79  7:22  High Templar  
  79  7:23  High Templar x3  
  79  7:26  Archon x2, Probe  
  79  7:27  Sentry  
  90  7:33  Probe  
  91  7:38  Probe  
  91  7:39  Robotics Bay, Probe  
  93  7:45  Probe  
  93  7:49  Phoenix  
  93  7:50  Probe  
  93  7:51  Probe  
  93  7:53  Protoss Ground Weapons Level 1  
  93  7:58  Probe  
  95  7:59  Zealot x3, Gateway  
  95  8:00  Gateway  
  95  8:03  Zealot, High Templar x2  
  107  8:07  Archon  
  107  8:23  Probe  
  107  8:24  Zealot x4, Probe  
  112  8:29  Probe  
  111  8:35  Probe  
  111  8:36  Observer (Chrono Boost), Probe  
  111  8:39  Photon Cannon  
  113  8:41  Zealot  
  113  8:42  Probe  
  113  8:48  Probe  
  115  8:49  Zealot  
  115  9:01  Pylon  
  115  9:07  Colossus (Chrono Boost)  
  115  9:09  Pylon  
  115  9:17  Extended Thermal Lance (Chrono Boost)  
  115  9:22  Stalker x4  
  119  9:26  Photon Cannon  
  119  9:27  Photon Cannon  
  119  9:29  Photon Cannon  
  119  9:32  Zealot x4  
  119  9:35  Probe x2  
  123  9:43  Blink (Chrono Boost)  
  123  9:45  Zealot x2  
  110  9:49  Colossus (Chrono Boost)  
  110  9:50  Probe  
  117  10:03  Stalker  
  117  10:04  Stalker  
  117  10:05  Zealot x2  
  125  10:09  Pylon  
  125  10:10  Probe x2  
  123  10:29  Zealot x3  
  123  10:31  Zealot  
  123  10:32  Zealot x2  
  123  10:34  Zealot x2  
  123  10:35  Protoss Ground Weapons Level 2 (Chrono Boost)  
  123  10:44  Observer (Chrono Boost)  
  123  10:47  Assimilator x2  
  124  10:53  Photon Cannon  
  124  10:54  Shield Battery, Zealot  
  124  10:55  Zealot x4  
  134  10:57  Probe x3  
  134  11:03  Pylon  
  137  11:11  Colossus (Chrono Boost)  
  137  11:14  Probe x2, Pylon  
  139  11:23  Pylon  
  139  11:24  Zealot x2  
  139  11:25  Pylon  
  149  11:29  Observer  
  149  11:32  Probe x2  
  144  11:34  Probe  
  144  11:38  Zealot x3  
  144  11:39  Forge  
  147  11:44  Robotics Facility  
  147  11:50  Nexus  
  147  11:51  Pylon  
  147  11:57  Observer (Chrono Boost), High Templar x4  
  147  11:58  Zealot x3  
  147  11:59  Zealot  
  164  12:02  Archon x2  
  160  12:13  Disruptor (Chrono Boost)  
  163  12:15  Shield Battery  
  163  12:17  Photon Cannon  
  163  12:21  Protoss Ground Armor Level 1 (Chrono Boost)  
  159  12:24  Zealot x4  
  160  12:30  Stalker x4  
  160  12:35  Disruptor, Protoss Ground Weapons Level 3 (Chrono Boost)  
  171  12:41  Probe  
  171  12:43  Disruptor  
  161  12:50  Nexus, Stalker x2  
  163  12:52  Stalker  
  163  12:53  Zealot x3  
  163  12:57  Pylon  
  170  12:59  Sentry  
  171  13:20  Zealot x4  
  171  13:21  Zealot  
  171  13:25  Nexus  
  169  13:28  Pylon  
  169  13:29  Pylon  
  163  13:36  Zealot x2  
  163  13:40  Pylon  
  157  13:41  Probe x3  
  160  13:49  Observer  
  160  13:54  Disruptor  
  160  13:55  Disruptor  
  159  13:58  Zealot x6  
  159  14:02  Zealot  
  165  14:04  Probe x3  
  165  14:05  Shield Battery  
  165  14:06  Stalker  
  165  14:07  Photon Cannon  
  168  14:16  Gateway  
  168  14:17  Gateway  
  168  14:22  Zealot x3  
  168  14:23  Zealot x2  
  136  14:39  Disruptor x2  
  136  14:45  Zealot x5  
  141  14:49  Probe x3  
  141  14:51  Probe  
  141  14:52  Observer  
  145  14:59  Sentry, Stalker  
  145  15:01  Probe x2  
  145  15:14  Disruptor (Chrono Boost)  
  145  15:18  Protoss Shields Level 1 (Chrono Boost)  
  146  15:22  Colossus (Chrono Boost)  
  146  15:26  Protoss Ground Armor Level 2 (Chrono Boost), Stalker x2  
  146  15:27  Zealot x3, Stalker x2  
  166  15:34  Probe x2  
  166  15:41  Colossus  
  154  15:45  Nexus  
  156  15:51  Pylon  
  156  15:56  Stalker x6  
  157  16:05  Zealot  
  157  16:06  Zealot x2  
  157  16:11  Colossus (Chrono Boost)  
  144  16:27  Zealot x6  
  144  16:28  Observer  
  131  16:37  Stalker x3  
  131  16:39  Probe x2  
  123  16:41  Disruptor (Chrono Boost)  
  123  16:42  Shield Battery  
  123  16:44  Photon Cannon  
  126  16:52  Dark Shrine  
  126  16:53  Zealot x4, Stalker  
  126  16:54  Zealot  
  138  16:57  Probe x3  
  138  16:59  Colossus (Chrono Boost)  
  147  17:02  Gateway  
  147  17:04  Gateway  
  147  17:05  Disruptor (Chrono Boost), Zealot x3  
  156  17:13  Zealot x3  
  162  17:16  Shield Battery  
  162  17:17  Photon Cannon  
  162  17:18  Stalker  
  162  17:19  Photon Cannon x2  
  162  17:21  Stalker  
  166  17:24  Protoss Shields Level 2 (Chrono Boost)  
  166  17:35  Sentry, High Templar x2  
  166  17:36  Disruptor  
  172  17:39  Archon  
  172  17:40  Zealot x4  
  172  17:42  Disruptor  
  184  17:50  Zealot  
  184  17:51  Zealot  
  165  18:01  Zealot x3  
  165  18:02  Zealot x2  
  170  18:10  Disruptor (Chrono Boost), Zealot x2  
  164  18:14  Disruptor (Chrono Boost)  
  164  18:19  Shadow Stride (Chrono Boost)  
  170  18:20  Stalker x2  
  170  18:25  Nexus, Stalker x3  
  180  18:36  Disruptor (Chrono Boost)  
  180  18:39  Pylon  
  180  18:40  Disruptor (Chrono Boost), Zealot  
  180  18:41  Zealot x3  
  185  18:47  Probe x2  
  189  18:56  Zealot x5  
  189  18:59  Nexus  
  189  19:00  Zealot x3  
  189  19:01  Zealot x2  
  189  19:02  Pylon  
  193  19:06  Probe x3  
  193  19:07  Probe  
  162  19:18  Probe  
  162  19:19  Stalker x3  
  162  19:20  Stalker  
  170  19:26  Probe  
  170  19:27  Probe x2  
  170  19:30  Probe  
  176  19:33  Dark Templar x5  
  186  19:38  Probe  
  186  19:39  Probe x2  
  186  19:43  Probe  
  186  19:44  Dark Templar x3  
  196  19:46  Dark Templar  
  196  19:51  Probe x2  
  200  19:57  Robotics Facility  
  194  20:12  Zealot x3  
  181  20:22  Zealot x4  
  181  20:24  Disruptor  
  181  20:25  Pylon  
  188  20:30  Dark Templar x2  
  171  20:37  Zealot x2  
  171  20:39  Observer  
  144  20:45  Stalker x3  
  140  20:50  Warp Prism (Chrono Boost)  
  140  20:55  Stalker x2  
  140  20:57  Disruptor (Chrono Boost)  
  140  20:58  Probe x4  
  140  21:02  Zealot x2  
  140  21:03  Zealot x2  
  140  21:04  Zealot x2  
  159  21:10  Dark Templar, Probe x4  
  159  21:11  Dark Templar x2  
  169  21:13  Probe, Pylon  
  168  21:19  Disruptor (Chrono Boost)  
  168  21:20  Dark Templar x2  
  168  21:22  Probe x3  
  168  21:24  Assimilator  
  175  21:27  Dark Templar  
  175  21:29  Assimilator  
  180  21:32  Zealot  
  180  21:33  Zealot x4  
  190  21:42  Probe x4  
  190  21:43  Stalker x3  
  178  22:11  Zealot x8  
  178  22:12  Zealot x2  
  172  22:26  Zealot  
  162  22:32  Zealot x7, Stalker x2  
  162  22:33  Zealot  
Show
View Real Time Build Order
Export as new Build Order

SpeCial Terran 

Build Orders: Reaper Expand 

Get SALT Encoding   

  12  0:00  SCV  
  13  0:12  SCV  
  14  0:17  Supply Depot  
  14  0:24  SCV  
  15  0:39  SCV, Barracks  
  16  0:46  Refinery  
  16  0:51  SCV  
  17  1:03  SCV  
  18  1:06  Engineering Bay  
  18  1:15  SCV  
  19  1:28  Orbital Command  
  19  1:29  Reaper  
  20  1:51  Command Center  
  20  1:54  SCV  
  21  2:01  Reaper  
  21  2:03  Supply Depot  
  21  2:06  SCV  
  23  2:21  Barracks  
  23  2:25  SCV  
  24  2:33  Barracks  
  24  2:34  Barracks Reactor  
  24  2:37  SCV  
  25  2:49  SCV  
  26  3:01  SCV  
  27  3:08  Barracks Tech Lab  
  27  3:11  Marine x2  
  29  3:13  Supply Depot, SCV  
  30  3:25  SCV, Barracks Tech Lab  
  30  3:26  Marine  
  31  3:28  Marine, Orbital Command  
  31  3:31  Stimpack  
  31  3:37  SCV  
  31  3:40  Engineering Bay  
  32  3:44  Marine x3  
  35  3:49  SCV  
  35  3:50  Refinery  
  35  3:52  Combat Shield  
  36  3:56  SCV  
  36  4:01  SCV  
  38  4:05  Marine x2  
  38  4:06  Marauder x2  
  38  4:08  SCV  
  45  4:13  SCV  
  46  4:17  Supply Depot  
  46  4:20  SCV  
  46  4:22  Missile Turret  
  46  4:23  Marine x2  
  49  4:25  SCV  
  49  4:28  Marauder x2  
  54  4:36  Supply Depot  
  54  4:39  SCV x2  
  54  4:41  Marine x2  
  58  4:46  Factory  
  58  4:49  Marine x2  
  58  4:51  SCV x2  
  62  4:58  Marine x2  
  63  5:03  SCV x2  
  63  5:07  Marine  
  64  5:08  Marine  
  64  5:10  Terran Infantry Weapons Level 1  
  66  5:15  Supply Depot, SCV x2  
  66  5:16  Missile Turret, Marine x2  
  70  5:27  Refinery  
  70  5:33  Starport, Factory Reactor  
  70  5:36  SCV x2, Marine x4  
  70  5:38  Supply Depot  
  76  5:48  SCV x2  
  78  5:50  Refinery  
  78  5:54  Marine  
  78  5:59  Marine  
  78  6:00  SCV x2, Marauder x2  
  85  6:04  Supply Depot  
  83  6:11  Bunker  
  83  6:12  Barracks  
  83  6:13  SCV x2  
  83  6:14  Barracks  
  83  6:17  Factory Reactor  
  74  6:19  Marine x2  
  74  6:21  Marine x2  
  74  6:25  SCV x2  
  69  6:28  Supply Depot  
  69  6:30  Medivac  
  69  6:31  Engineering Bay, Supply Depot  
  69  6:32  Medivac  
  73  6:33  Supply Depot  
  73  6:37  SCV  
  73  6:46  Marine x2  
  73  6:47  Marine x2  
  72  6:52  Missile Turret  
  74  6:54  Widow Mine  
  74  6:55  SCV x2, Widow Mine  
  74  7:00  Medivac  
  80  7:02  Supply Depot, Medivac  
  80  7:04  Marine x2  
  80  7:06  Marine x2  
  86  7:15  Armory  
  86  7:19  Terran Infantry Armor Level 1, Marine  
  86  7:20  Marine  
  86  7:21  Marine  
  86  7:22  Marine  
  90  7:23  Marine  
  90  7:24  Widow Mine, Marine  
  90  7:29  Widow Mine  
  96  7:32  Medivac  
  98  7:37  Marine x2  
  98  7:38  Supply Depot  
  98  7:39  Marine  
  98  7:41  Medivac  
  103  7:45  Widow Mine  
  103  7:49  Marine  
  103  7:50  Widow Mine, Marine x2  
  109  7:54  Supply Depot  
  109  7:55  Marine  
  109  7:56  Marauder  
  109  7:57  Supply Depot, Marine  
  111  8:07  Widow Mine, Marine x2  
  111  8:08  Marine  
  116  8:14  Marauder  
  116  8:15  Marine  
  102  8:29  Marine x2  
  102  8:30  Marauder, Marine  
  102  8:33  Widow Mine x2, Marine  
  110  8:35  Marauder  
  112  8:47  Marine x3  
  115  8:51  Marauder, Marine  
  115  8:54  Medivac x2  
  115  8:55  Widow Mine x2  
  124  8:56  Marine  
  121  9:05  Marine x3  
  123  9:13  Marauder  
  123  9:14  Marauder  
  123  9:16  Widow Mine x2  
  128  9:20  Barracks Tech Lab  
  128  9:21  Terran Infantry Weapons Level 2  
  128  9:23  Marine x2  
  128  9:24  Supply Depot  
  129  9:33  Command Center  
  129  9:34  Marauder  
  129  9:35  Barracks Tech Lab, Marine  
  131  9:41  Marauder, Marine x2  
  131  9:42  Medivac x2  
  127  9:53  Marauder  
  127  9:55  SCV x2, Marine  
  127  9:58  Marine  
  127  9:59  Marine  
  134  10:02  Marauder  
  134  10:06  Ghost Academy  
  136  10:07  SCV x2  
  136  10:13  Marauder  
  131  10:16  Viking x2, Marine x2  
  137  10:27  Marauder, Marine x2  
  135  10:29  Widow Mine x2  
  135  10:34  Marine  
  135  10:35  Marauder  
  131  10:37  Marine  
  121  10:45  Marauder x2  
  121  10:46  Viking x2  
  121  10:48  Marine  
  130  10:50  Orbital Command  
  130  10:52  Marine  
  130  10:54  SCV x2, Marine  
  130  10:55  Enhanced Shockwaves  
  130  10:56  Marauder  
  136  11:06  SCV x2, Widow Mine  
  136  11:10  Marine, Ghost x2  
  143  11:12  Marine  
  143  11:16  SCV, Ghost  
  143  11:18  Supply Depot, SCV, Marine, Refinery  
  147  11:27  Marine  
  147  11:30  Viking, Marine  
  147  11:31  Viking  
  146  11:35  Marine  
  146  11:36  Marine  
  146  11:38  SCV x2  
  146  11:39  Marauder x2  
  154  11:40  Bunker  
  154  11:46  Marauder, Marine  
  157  11:48  Marine  
  157  11:53  SCV  
  157  11:54  SCV  
  158  11:55  SCV  
  158  11:58  Marine x2  
  158  12:01  Marauder x2  
  165  12:04  Widow Mine, Marine  
  165  12:06  Viking x2  
  165  12:07  Marauder  
  174  12:09  Marine  
  175  12:15  Terran Infantry Weapons Level 3  
  175  12:16  Marine x2  
  175  12:22  Marauder x2  
  180  12:29  Marauder, Marine  
  180  12:32  Marine  
  180  12:34  Marine  
  180  12:35  SCV  
  180  12:36  SCV  
  179  12:37  SCV  
  179  12:43  Marauder x2  
  178  12:47  SCV  
  178  12:48  SCV  
  178  12:49  Supply Depot, Concussive Shells  
  180  12:54  Marine  
  181  12:58  Terran Ship Weapons Level 1  
  181  13:03  Command Center  
  181  13:09  Marine  
  181  13:10  SCV x3, Marine, Ghost x2  
  181  13:12  Supply Depot, Marine  
  188  13:22  SCV  
  188  13:23  Missile Turret  
  188  13:25  Sensor Tower  
  188  13:26  SCV  
  188  13:27  Marauder  
  188  13:28  Marine  
  181  13:35  Marine  
  181  13:38  Marine  
  181  13:39  Marauder x2  
  187  13:46  Widow Mine  
  187  13:47  Ghost  
  187  13:48  Barracks x2  
  184  13:50  Barracks  
  174  13:56  Marine  
  174  13:59  Marine x2  
  174  14:01  Marauder x2  
  174  14:02  Medivac x2  
  183  14:04  Marine  
  184  14:10  SCV x3  
  184  14:14  Marine  
  189  14:17  Marauder, Marine x2  
  189  14:21  Marine  
  189  14:22  Marauder x2  
  166  14:32  Marine  
  166  14:34  Marine x2  
  166  14:35  Marine x2  
  166  14:38  Marauder  
  137  14:39  Marine x2  
  137  14:43  Marauder x2  
  133  14:50  Marine  
  133  14:52  Marauder, Marine  
  137  14:53  Marine  
  137  14:58  Marine x3  
  137  14:59  Marauder  
  143  15:05  Marauder x2  
  147  15:08  Terran Infantry Armor Level 2, Marine  
  147  15:10  Marine x2  
  147  15:14  Marauder  
  152  15:16  Marine x2  
  152  15:18  Marine  
  152  15:21  Marauder  
  152  15:25  Marine  
  152  15:26  Marauder x2  
  152  15:27  Marine, Planetary Fortress  
  158  15:28  Marine  
  158  15:31  Sensor Tower  
  158  15:35  Marauder  
  161  15:37  Marine  
  161  15:42  Marauder  
  164  15:46  Marine x2  
  164  15:48  Barracks Reactor, Barracks Tech Lab, Marauder x2  
  164  15:49  Medivac x2  
  173  15:51  Marine  
  173  15:54  SCV x3  
  173  15:56  Ghost  
  179  16:00  Marine  
  179  16:04  Marauder, Marine  
  160  16:09  Marauder x2, Ghost  
  160  16:10  Marine x2  
  168  16:12  SCV x2  
  168  16:13  SCV  
  168  16:15  Missile Turret  
  168  16:18  Marine  
  172  16:21  Marine  
  172  16:24  SCV, Ghost  
  172  16:25  Marauder  
  153  16:30  Marauder  
  136  16:38  Marine x2  
  136  16:39  Marauder, Marine x2  
  137  16:40  Marauder  
  137  16:42  Marine x2  
  137  16:43  Command Center, Widow Mine  
  137  16:45  Medivac x2  
  137  16:46  Marauder  
  144  16:51  Marine  
  144  16:53  Marine  
  146  16:56  Marine x3  
  146  16:57  SCV, Marine  
  146  16:58  SCV x2  
  146  17:00  Marauder, Marine  
  158  17:01  Marauder  
  158  17:06  Marine  
  158  17:08  Marauder  
  161  17:10  Marauder  
  161  17:11  Marauder  
  161  17:14  Marine  
  161  17:15  Viking x2, Marine x3  
  170  17:18  Marine  
  170  17:19  Factory Reactor  
  170  17:22  Marauder  
  175  17:23  Starport  
  175  17:24  Marine  
  175  17:25  Marauder  
  175  17:29  Marauder  
  180  17:30  Terran Infantry Armor Level 3, Marine  
  180  17:32  Marine  
  180  17:33  Terran Ship Weapons Level 2  
  180  17:35  Marauder, Marine  
  185  17:43  Marine  
  185  17:44  Marauder  
  183  17:58  Marine  
  165  17:59  Marauder  
  165  18:04  Marine  
  165  18:05  Marauder  
  163  18:15  Marine x2  
  163  18:16  Medivac x2, Marauder, Marine x2  
  163  18:19  Marine x2  
  175  18:20  Marauder  
  175  18:23  Marine  
  175  18:24  Marauder  
  180  18:33  Marauder, Marine  
  181  18:38  Medivac  
  181  18:39  Medivac, Marine x2, Ghost  
  189  18:45  Planetary Fortress  
  189  18:46  Viking  
  189  18:48  Marine x2  
  191  18:49  Marauder x2, Marine x2  
  195  18:56  Marauder, Marine  
  195  19:01  Marine x2  
  197  19:06  Marine x2  
  197  19:07  Marauder, Marine  
  197  19:08  Marauder  
  184  19:10  Marauder  
  184  19:12  Viking x3, Marauder  
  184  19:13  Marine  
  169  19:17  Marine  
  169  19:19  Marine x2  
  169  19:24  Marine x2  
  166  19:25  Marine  
  166  19:29  Refinery, Marauder  
  166  19:30  Refinery, Marauder  
  173  19:31  Missile Turret, Marauder, Marine  
  173  19:33  Marauder  
  173  19:35  Marine  
  173  19:37  Marine x2  
  181  19:41  Viking, Marine  
  181  19:42  Marine x2  
  186  19:49  Marine  
  186  19:50  Marauder  
  186  19:51  Marauder  
  186  19:52  Viking, Ghost  
  193  19:53  Marine  
  193  19:54  Marine x3  
  193  19:59  Marine  
  200  20:05  Marine  
  188  20:09  Marine  
  188  20:10  Marine  
  188  20:11  Marauder x2  
  188  20:12  Marauder  
  190  20:22  Viking x2  
  185  20:32  Marauder, Marine  
  185  20:34  Marauder, Marine  
  185  20:35  Marauder, Marine x2  
  156  20:38  Marauder, Marine  
  156  20:40  Viking, Marauder, Marine  
  139  20:49  Marine  
  117  20:52  Marine  
  117  20:53  Viking x3, Marine x2  
  117  20:54  Marauder  
  117  20:55  Marine  
  117  20:56  Marauder  
  134  20:57  Marauder, Marine  
  134  21:00  Marauder  
  134  21:01  Marine  
  134  21:03  Command Center  
  138  21:05  SCV x2  
  138  21:06  SCV  
  138  21:07  Marine  
  138  21:10  Marine x2  
  138  21:11  Marine  
  145  21:13  Marine  
  145  21:15  Marauder, Marine  
  145  21:17  Marauder  
  145  21:18  SCV x3, Marine  
  152  21:19  Marauder  
  152  21:20  Marine  
  152  21:22  Medivac  
  152  21:23  Medivac  
  152  21:25  Marine  
  159  21:27  Marine  
  159  21:28  Marine x2  
  159  21:30  SCV  
  159  21:31  Marine  
  165  21:33  Marine  
  165  21:34  Refinery  
  165  21:36  Marauder, Marine  
  165  21:38  Marine  
  165  21:39  Marauder  
  172  21:41  Marauder  
  172  21:43  Marine  
  172  21:44  SCV x3  
  172  21:45  Marine  
  172  21:46  Marine x2  
  181  21:49  Marine  
  181  21:51  Marine  
  181  21:53  Supply Depot  
  183  21:54  Marauder  
  183  21:56  SCV x2, Marine  
  183  21:57  Marauder  
  183  21:59  Marine  
  183  22:01  Marine  
  192  22:02  Marauder  
  192  22:03  Command Center  
  192  22:04  Marine  
  192  22:07  Marine x2  
  159  22:12  Marine x2  
Tags
 
Add a new tag
Caveats
  • Supply blocks, unpowered buildings, or Contaminate may cause inaccurate times.
  • Supply counts are checked every 10 seconds.